 Dungeon Crawl Stone Soup version 0.29.0-4-gdea44cf6ec (webtiles) character file.

Game seed: 2547546552407218290

3849 qw the Cleaver (level 10, -2/64 HPs)
             Began as a Gargoyle Berserker on Sept 7, 2022.
             Was a Priest of Trog.
             Slain by Grum
             ... wielding a -2 halberd of venom
              (19 damage)
             ... on level 9 of the Dungeon.
             The game lasted 00:03:37 (10048 turns).

qw the Cleaver (Gargoyle Berserker)                Turns: 10048, Time: 00:03:37

Health: -2/64      AC: 33    Str: 25    XL:     10   Next: 18%
Magic:  10/10      EV:  5    Int:  8    God:    Trog [***...]
Gold:   426        SH:  0    Dex:  9    Spells: 9/9 levels left

rFire   + . .      SeeInvis +   Y - +0 hand axe (protect)
rCold   + . .      Faith    .   (no shield)
rNeg    + . .      Spirit   .   m - +0 gold dragon scales
rPois   inf        Reflect  .   i - +0 helmet
rElec   +          Harm     .   (no cloak)
rCorr   .          Rampage  .   (no gloves)
Will    .....                   c - +0 pair of boots
Stlth   ..........              e - amulet of the acrobat
HPRegen 0.20/turn               o - ring of see invisible
MPRegen 0.12/turn               (no ring)

@: under a protective aura, on berserk cooldown, slowed, very slow
A: sickness immunity, AC +7, negative energy resistance 1, electricity
resistance, torment resistance 1, petrification resistance
a: Renounce Religion, Berserk, Trog's Hand


You were on level 9 of the Dungeon.
You worshipped Trog.
Trog was most pleased with you.
You visited 1 branch of the dungeon, and saw 9 of its levels.

You collected 426 gold pieces.


Innate Abilities, Weirdness & Mutations

You are immune to sickness and miasma.
Your stone body is resilient. (AC +7)
You are immune to poison.
You resist negative energy. (rN+)
You are resistant to electric shocks. (rElec)
You are resistant to unholy torment.
You are immune to petrification.


   Skills:
 + Level 7.7 Fighting
 - Level 10.0 Axes
 - Level 2.2 Throwing
 - Level 8.0 Armour
 - Level 1.5 Dodging


You had 9 spell levels left.
You didn't know any spells.
Your spell library was empty.

Inventory:

Hand Weapons
 h - a +0 flail
 Y - a +0 hand axe of protection (weapon)
Missiles
 n - 3 javelins (quivered)
Armour
 c - a +0 pair of boots (worn)
 i - a +0 helmet (worn)
 m - +0 gold dragon scales (worn)
Jewellery
 d - an amulet of regeneration
 e - an amulet of the acrobat (around neck)
 o - a ring of see invisible (left hand)
Scrolls
 g - 2 scrolls of identify
 j - 5 scrolls of teleportation
Potions
 a - 2 potions of resistance
 f - a potion of cancellation
 l - a potion of might
 p - a potion of haste

Dungeon Overview and Level Annotations

Branches:
Dungeon (9/15)             Temple (0/1) D:6
   Lair: D:8-11         Orc: D:9-12

Altars:
Ashenzari
Cheibriados
Elyvilon
Fedhas
Gozag
Nemelex Xobeh
Ru
Xom
Zin

Annotations:
D:6 2 transporters, qw's ghost, novice GrBe
D:8 3 runed translucent doors, qw's ghost, novice TrCA
D:9 Grum


Message History

Grum hits you but does no damage.
You bump into the stone wall.
The killer bee stings you but does no damage. x2
The orc wizard hits you but does no damage. x2
Grum barely misses you. The killer bee barely misses you.
The killer bee completely misses you.
You bump into the stone wall.
You feel a strong urge to attack something.
The killer bee stings you but does no damage. x2
The orc wizard hits you but does no damage.
The orc wizard hits you with a +0 dagger.
Grum hits you from afar with a -2 halberd of venom!
You miss the orc wizard.
The orc wizard is severely wounded.
You completely miss the killer bee. You slash the orc wizard!
You hit the killer bee.
The killer bee stings you but does no damage. x2
You're too confused to move!
Grum hits you from afar with a -2 halberd of venom!!
The killer bee stings you but does no damage.
The killer bee barely misses you.
The orc wizard points at you and mumbles some strange words.
You easily resist.
The orc wizard hits you but does no damage.
Grum barely misses you.
You bump into the stone wall.
You feel a strong urge to attack something.
You are no longer berserk.
You are exhausted.
You feel yourself slow down.
The killer bee stings you but does no damage.
The killer bee barely misses you.
The killer bee stings you but does no damage.
The orc wizard hits you but does no damage.
The killer bee stings you but does no damage.
The orc wizard barely misses you.
10048 ||| DRINKING potion of curing.
You feel better.
10048 ||| (to cure confusion) Grum hits you from afar with a -2 halberd of venom!!
You die...

((. ### #). #...
#.. +... #.# #...#
#....#.# .#...#
#....#.# ..#...#
#....oo#...#...#
..######@'...#...#
......gyy#...#...#
........h#####...#
.................#
................##
........######..#
........# #..#
######..# #..#
#..# #..#


You could see Grum (berserk), a wolf, 2 killer bees and 2 orc wizards.

Vanquished Creatures
  Pikel (D:4)
  A komodo dragon (D:8)
  A wyvern (D:8)
  2 steam dragons (D:7)
  An orc warrior (D:9)
  An ogre (D:6)
  A black bear (D:5)
  2 wolves (D:9)
  3 centaurs
  Blork the orc (D:4)
  A kobold brigand (D:9)
  2 bullfrogs
  A gnoll sergeant (D:8)
  2 necrophages
  2 scorpions
  7 wights
  7 killer bees (D:8)
  2 howler monkeys
  3 jellies
  3 hounds
  A gnoll bouda (D:7)
  Jessica (D:2)
  5 iguanas
  Natasha (D:4)
  4 orc wizards
  Robin (D:4)
  9 gnolls
  5 adders
  A shadow imp (D:7)
  2 white imps (D:8)
  2 ufetubi (D:6)
  2 worms
  7 dart slugs
  13 orcs
  6 endoplasms
  4 giant cockroaches
  9 hobgoblins
  4 jackals (D:5)
  3 quokkas
  8 ball pythons
  4 bats
  A frilled lizard (D:3)
  13 goblins
  A goblin zombie (D:5)
  13 kobolds
  A quokka zombie (D:5)
  2 rats (D:1)
167 creatures vanquished.

Vanquished Creatures (others)
  10 fungi (D:7)
  3 plants (D:4)
13 creatures vanquished.

Grand Total: 180 creatures vanquished

Notes
Turn   | Place    | Note
-------+----------+-------------------------------------------
     0 | D:1      | qw the Gargoyle Berserker began the quest for the Orb.
     0 | D:1      | Reached XP level 1. HP: 14/14 MP: 1/1
     0 | D:1      | 0 ||| qw: Version: 0.1-a-108-g9e35731
     0 | D:1      | 0 ||| qw: Game counter: 6463
     0 | D:1      | 0 ||| qw: Always use a shield: true
     0 | D:1      | 0 ||| qw: Do Orc after D:15 true
     0 | D:1      | 0 ||| qw: Do second Lair branch before Depths: true
     0 | D:1      | 0 ||| qw: Lair rune preference: random
     0 | D:1      | 0 ||| qw: Plans: Normal
     0 | D:1      | 0 ||| PLANNING D:1-11
    79 | D:1      | 79 ||| INVOKING Berserk.
   281 | D:1      | Reached skill level 3 in Axes
   347 | D:1      | Reached XP level 2. HP: 16/19 MP: 2/2
   400 | D:1      | 400 ||| Stepping ~*~*~tactically~*~*~ (stealth).
   402 | D:1      | 402 ||| Stepping ~*~*~tactically~*~*~ (stealth).
   408 | D:1      | 408 ||| Stepping ~*~*~tactically~*~*~ (stealth).
   411 | D:1      | 411 ||| Stepping ~*~*~tactically~*~*~ (stealth).
   530 | D:1      | 530 ||| Stepping ~*~*~tactically~*~*~ (stealth).
   549 | D:1      | 549 ||| INVOKING Berserk.
   550 | D:1      | 550 ||| INVOKING Berserk.
   714 | D:1      | Reached XP level 3. HP: 20/23 MP: 3/3
   876 | D:1      | 876 ||| Stepping ~*~*~tactically~*~*~ (stealth).
  1137 | D:1      | Reached skill level 4 in Axes
  1328 | D:1      | 1328 ||| UPGRADING to +0 leather armour.
  1338 | D:1      | 1338 ||| DROPPING +0 animal skin.
  1339 | D:1      | 1339 ||| UPGRADING to amulet of the acrobat.
  1344 | D:1      | 1344 ||| DROPPING ring of flight.
  1345 | D:1      | 1345 ||| READING scroll labelled UNETTA OKUNT.
  1346 | D:1      | 1346 ||| READING scroll labelled CUKIMI BIB TEM.
  1347 | D:1      | 1347 ||| READING 2 scrolls labelled TOVEAGGOSI.
  1351 | D:1      | 1351 ||| DRINKING 2 fizzy dark potions.
  1352 | D:1      | 1352 ||| DROPPING potion of attraction.
  1369 | D:2      | 1369 ||| Stepping ~*~*~tactically~*~*~ (stealth).
  1468 | D:2      | 1468 ||| FLEEEEING.
  1469 | D:2      | 1469 ||| FLEEEEING.
  1522 | D:2      | 1522 ||| Stepping ~*~*~tactically~*~*~ (stealth).
  1529 | D:2      | Reached ** piety under Trog
  1530 | D:2      | Reached XP level 4. HP: 28/28 MP: 4/4
  1650 | D:2      | 1650 ||| DROPPING +0 whip.
  1806 | D:2      | 1806 ||| Stepping ~*~*~tactically~*~*~ (hiding).
  1925 | D:2      | Noticed Jessica
  1926 | D:2      | 1926 ||| Stepping ~*~*~tactically~*~*~ (hiding).
  1936 | D:2      | Killed Jessica
  2082 | D:2      | 2082 ||| UPGRADING to +0 chain mail.
  2092 | D:2      | 2092 ||| DROPPING +0 leather armour.
  2093 | D:2      | 2093 ||| READING scroll labelled FEACAW IDINNA.
  2094 | D:2      | 2094 ||| READING 2 scrolls labelled DATEAL YLYUSK.
  2095 | D:2      | 2095 ||| DRINKING 2 fuming coppery potions.
  2301 | D:3      | Found a faded altar of an unknown god.
  2345 | D:3      | Reached skill level 5 in Axes
  2478 | D:3      | Reached XP level 5. HP: 32/32 MP: 5/5
  2517 | D:3      | Found a white marble altar of Elyvilon.
  2609 | D:3      | 2609 ||| Stepping ~*~*~tactically~*~*~ (hiding).
  2854 | D:3      | 2854 ||| UPGRADING to +0 pair of boots.
  2859 | D:3      | 2859 ||| READING 2 scrolls of identify.
  2859 | D:3      | 2859 ||| IDENTIFYING silvery potion
  2986 | D:4      | 2986 ||| Stepping ~*~*~tactically~*~*~ (stealth).
  2988 | D:4      | 2988 ||| Stepping ~*~*~tactically~*~*~ (stealth).
  2991 | D:4      | 2991 ||| Stepping ~*~*~tactically~*~*~ (stealth).
  3004 | D:4      | 3004 ||| Stepping ~*~*~tactically~*~*~ (stealth).
  3006 | D:4      | Noticed Robin
  3007 | D:4      | 3007 ||| Stepping ~*~*~tactically~*~*~ (hiding).
  3012 | D:4      | 3012 ||| INVOKING Berserk.
  3015 | D:4      | Killed Robin
  3039 | D:4      | 3039 ||| Stepping ~*~*~tactically~*~*~ (stealth).
  3057 | D:4      | 3057 ||| FLEEEEING.
  3061 | D:4      | 3061 ||| FLEEEEING.
  3062 | D:4      | 3062 ||| FLEEEEING.
  3063 | D:4      | 3063 ||| FLEEEEING.
  3064 | D:4      | 3064 ||| FLEEEEING.
  3065 | D:4      | 3065 ||| FLEEEEING.
  3066 | D:4      | 3066 ||| FLEEEEING.
  3067 | D:4      | 3067 ||| FLEEEEING.
  3118 | D:4      | 3118 ||| Stepping ~*~*~tactically~*~*~ (stealth).
  3130 | D:4      | 3130 ||| Stepping ~*~*~tactically~*~*~ (stealth).
  3150 | D:4      | 3150 ||| Stepping ~*~*~tactically~*~*~ (stealth).
  3151 | D:4      | Noticed Pikel
  3151 | D:4      | Noticed a lemure
  3151 | D:4      | Noticed a lemure
  3152 | D:4      | 3152 ||| Stepping ~*~*~tactically~*~*~ (hiding).
  3153 | D:4      | 3153 ||| Stepping ~*~*~tactically~*~*~ (stealth).
  3153 | D:4      | Noticed a lemure
  3154 | D:4      | Noticed a lemure
  3155 | D:4      | 3155 ||| INVOKING Berserk.
  3171 | D:4      | Killed Pikel
  3172 | D:4      | Reached skill level 7 in Axes
  3172 | D:4      | Reached XP level 6. HP: 15/38 MP: 6/6
  3172 | D:4      | Reached XP level 7. HP: 17/43 MP: 7/7
  3212 | D:4      | 3212 ||| Stepping ~*~*~tactically~*~*~ (stealth).
  3573 | D:4      | Noticed Blork the orc
  3575 | D:4      | 3575 ||| INVOKING Berserk.
  3579 | D:4      | Killed Blork the orc
  3580 | D:4      | Reached skill level 3 in Armour
  3592 | D:4      | 3592 ||| Stepping ~*~*~tactically~*~*~ (stealth).
  3735 | D:4      | Found a sparkling altar of Nemelex Xobeh.
  3757 | D:4      | Found a glowing silver altar of Zin.
  3828 | D:4      | 3828 ||| INVOKING Berserk.
  4076 | D:4      | Noticed Natasha
  4079 | D:4      | 4079 ||| INVOKING Berserk.
  4085 | D:4      | Killed Natasha
  4182 | D:4      | 4182 ||| Stepping ~*~*~tactically~*~*~ (stealth).
  4327 | D:4      | Found a sacrificial altar of Ru.
  4332 | D:4      | 4332 ||| UPGRADING to +0 helmet.
  4337 | D:4      | 4337 ||| UPGRADING to +0 gold dragon scales.
  4347 | D:4      | 4347 ||| DROPPING +0 chain mail.
  4348 | D:4      | 4348 ||| UPGRADING to ring of see invisible.
  4349 | D:4      | 4349 ||| READING 3 scrolls labelled ASETYN JUSM.
  4350 | D:4      | 4350 ||| DROPPING 2 scrolls of summoning.
  4446 | D:5      | Entered Level 5 of the Dungeon
  4447 | D:5      | 4447 ||| PLANNING OSSUARY
  4447 | D:5      | 4447 ||| Stepping ~*~*~tactically~*~*~ (hiding).
  4448 | D:5      | 4448 ||| Stepping ~*~*~tactically~*~*~ (hiding).
  4457 | D:5      | 4457 ||| FLEEEEING.
  4458 | D:5      | 4458 ||| STAIRDANCE
  4494 | D:5      | 4494 ||| INVOKING Berserk.
  4499 | D:5      | 4499 ||| STAIRDANCE
  4513 | D:4      | 4513 ||| Stepping ~*~*~tactically~*~*~ (stealth).
  4635 | D:5      | 4635 ||| Stepping ~*~*~tactically~*~*~ (hiding).
  4645 | D:5      | Reached XP level 8. HP: 47/48 MP: 8/8
  4827 | D:5      | 4827 ||| INVOKING Berserk.
  4848 | D:5      | 4848 ||| Stepping ~*~*~tactically~*~*~ (stealth).
  4979 | D:5      | Found an opulent altar of Gozag.
  5065 | D:5      | 5065 ||| RIP OSSUARY
  5108 | D:5      | 5108 ||| PLANNING D:1-11
  5295 | D:5      | Reached skill level 6 in Armour
  5563 | D:5      | Reached *** piety under Trog
  5733 | D:5      | Found a snail-covered altar of Cheibriados.
  5734 | D:5      | 5734 ||| READING 5 scrolls of identify.
  5734 | D:5      | 5734 ||| IDENTIFYING bubbling red potion
  5735 | D:5      | 5735 ||| READING 4 scrolls of identify.
  5735 | D:5      | 5735 ||| IDENTIFYING lumpy pink potion
  5736 | D:5      | 5736 ||| READING 3 scrolls of identify.
  5736 | D:5      | 5736 ||| IDENTIFYING black potion
  5737 | D:5      | 5737 ||| DROPPING potion of flight.
  5738 | D:5      | 5738 ||| READING 4 scrolls of teleportation.
  5943 | D:6      | Reached skill level 1 in Throwing
  6059 | D:6      | Found a blossoming altar of Fedhas.
  6159 | D:6      | Found a staircase to the Ecumenical Temple.
  6173 | D:6      | Found a transporter.
  6184 | D:6      | Noticed qw's ghost (novice GrBe)
  6189 | D:6      | Found a transporter.
  6262 | D:6      | 6262 ||| INVOKING Berserk.
  6266 | D:6      | Reached skill level 8 in Axes
  6270 | D:6      | 6270 ||| FLEEEEING.
  6283 | D:6      | 6283 ||| STAIRDANCE
  6392 | D:5      | 6392 ||| READING 3 scrolls of identify.
  6392 | D:5      | 6392 ||| IDENTIFYING murky yellow potion
  6393 | D:5      | 6393 ||| DROPPING potion of ambrosia.
  6668 | D:6      | Reached XP level 9. HP: 38/54 MP: 9/9
  6794 | D:6      | 6794 ||| Stepping ~*~*~tactically~*~*~ (hiding).
  6816 | D:6      | 6816 ||| FLEEEEING.
  6817 | D:6      | 6817 ||| FLEEEEING.
  6819 | D:6      | 6819 ||| FLEEEEING.
  6820 | D:6      | 6820 ||| FLEEEEING.
  6821 | D:6      | 6821 ||| STAIRDANCE
  6850 | D:5      | 6850 ||| READING scroll labelled NEONIF ERILYR.
  6851 | D:5      | 6851 ||| READING 2 scrolls labelled NASODA WIUGH.
  6852 | D:5      | 6852 ||| DROPPING scroll of fog.
  6862 | D:6      | 6862 ||| INVOKING Berserk.
  6865 | D:6      | HP: 19/82 [wight/+4 great sword (14)]
  6867 | D:6      | Reached skill level 6 in Fighting
  6867 | D:6      | 6867 ||| STAIRDANCE
  7193 | D:7      | 7193 ||| Stepping ~*~*~tactically~*~*~ (hiding).
  7202 | D:7      | 7202 ||| INVOKING Berserk.
  7323 | D:7      | Identified the +1 ring mail "Ofaoseill" {SInv}
  7547 | D:7      | 7547 ||| Stepping ~*~*~tactically~*~*~ (hiding).
  7549 | D:7      | 7549 ||| Stepping ~*~*~tactically~*~*~ (hiding).
  7687 | D:7      | 7687 ||| INVOKING Berserk.
  7692 | D:7      | Reached skill level 9 in Axes
  7842 | D:7      | Found a shimmering altar of Xom.
  7894 | D:7      | 7894 ||| READING scroll labelled IROAGU MEEH.
  7895 | D:7      | 7895 ||| READING scroll labelled NIKKUS SEULYQO.
  7996 | D:7      | 7996 ||| DRINKING 2 cyan potions.
  7997 | D:7      | 7997 ||| READING 4 scrolls of identify.
  7997 | D:7      | 7997 ||| IDENTIFYING dark potion
  7998 | D:7      | 7998 ||| DROPPING potion of invisibility.
  8065 | D:8      | Noticed a komodo dragon
  8067 | D:8      | 8067 ||| INVOKING Berserk.
  8077 | D:8      | Killed a komodo dragon
  8218 | D:8      | Found a runed translucent gate.
  8218 | D:8      | Found a runed translucent gate.
  8218 | D:8      | Found a runed translucent gate.
  8333 | D:8      | 8333 ||| INVOKING Berserk.
  8620 | D:8      | 8620 ||| INVOKING Berserk.
  8927 | D:8      | 8927 ||| INVOKING Berserk.
  9125 | D:8      | Found a broken altar of Ashenzari.
  9253 | D:8      | 9253 ||| Stepping ~*~*~tactically~*~*~ (stealth).
  9261 | D:8      | Reached XP level 10. HP: 59/63 MP: 10/10
  9519 | D:8      | Noticed qw's ghost (novice TrCA)
  9668 | D:8      | 9668 ||| READING 3 scrolls of identify.
  9668 | D:8      | 9668 ||| IDENTIFYING fizzy grey potion
  9669 | D:8      | 9669 ||| DROPPING potion of brilliance.
  9717 | D:9      | 9717 ||| Stepping ~*~*~tactically~*~*~ (stealth).
  9718 | D:9      | 9718 ||| Stepping ~*~*~tactically~*~*~ (stealth).
  9736 | D:9      | Reached skill level 10 in Axes
  9739 | D:9      | 9739 ||| Stepping ~*~*~tactically~*~*~ (hiding).
  9782 | D:9      | 9782 ||| INVOKING Berserk.
  9923 | D:9      | 9923 ||| DRINKING 3 potions of curing.
  9923 | D:9      | 9923 ||| (to cure confusion)
 10027 | D:9      | Noticed Grum
 10035 | D:9      | 10035 ||| DRINKING 2 potions of curing.
 10035 | D:9      | 10035 ||| (to cure confusion)
 10036 | D:9      | 10036 ||| INVOKING Berserk.
 10046 | D:9      | HP: 9/96 [Grum/-2 halberd of venom (18)]
 10048 | D:9      | 10048 ||| DRINKING potion of curing.
 10048 | D:9      | 10048 ||| (to cure confusion)
 10048 | D:9      | Slain by Grum

Levels and vault maps discovered:
D:1:      saegor_arrival_simple_c, layout_basic
D:2:      layout_basic, uniq_jessica
D:3:      layout_rooms, nicolae_elyvilon_temple_path,
          chequers_ecumenical_altar_island
D:4:      layout_loops_ring, nicolae_ru_the_path_less_chosen,
          kennysheep_mini_moat, overflow_temple_1_default, uniq_pikel,
          uniq_natasha, uniq_blork_the_orc, uniq_robin
D:5:      layout_loops_ring, old_standard_altar, cheibrodos_worm_habitat,
          enter_ossuary_4, amcnicky_mini_rare_corridor_liquid
D:6:      layout_cave_pools, mainiacjoe_overflow_small_starburst,
          minmay_temple_entry_enclosed_plants, gammafunk_ghost_arena
D:7:      kennysheep_steamy, layout_rooms, lemuel_doored_altar
D:8:      layout_loops_corners, mainiacjoe_overflow_paths, gammafunk_ghost_icy,
          minmay_liquid_box
D:9:      minmay_evil_eye, layout_irregular_city, okawaru_metal_pillars_1_2,
          amcnicky_altar_gilded, tgw_trog, corexii_leaking_fountain, uniq_grum

Skill      XL: |  1  2  3  4  5  6  7  8  9 10 |
---------------+-------------------------------+-----
Axes           | 3 4 5 7 8 9 10 | 10.0
Fighting       | 4 5 7 |  7.7
Armour         | 4 6 8 |  8.0
Throwing       | 2 |  2.2
Dodging        | |  1.5

Action                   |  1- 3 |  4- 6 |  7- 9 | 10-12 || total
-------------------------+-------+-------+-------+-------++-------
Melee: Hand axe          |    85 |   155 |   470 |    81 ||   791
       Punch             |     1 |     1 |     7 |     3 ||    12
Throw: Javelin           |       |       |    27 |     9 ||    36
Invok: Berserk           |     2 |     2 |    13 |     2 ||    19
  Use: Scroll            |     3 |     3 |    11 |     1 ||    18
       Potion            |     1 |     1 |     1 |     3 ||     6
Armor: Animal skin       |    13 |       |       |       ||    13
       Leather armour    |     5 |     9 |       |       ||    14
       Chain mail        |       |    57 |    28 |       ||    85
       Gold dragon scale |       |       |   392 |    93 ||   485
Dodge: Dodged            |    35 |    72 |   134 |    41 ||   282

Table legend:
 A = Non-vault XP
 B = Vault XP
 C = Vault XP percentage of total XP
 D = Non-vault monster count
 E = Vault monster count
 F = Vault count percentage of total count
                 A         B        C        D         E       F
            +---------+---------+-------+---------+---------+-------
      Total |    3923 |    1576 |  28.7 |     144 |      23 |  13.8
            +---------+---------+-------+---------+---------+-------
        D:1 |      57 |       0 |   0.0 |      25 |       0 |   0.0
        D:2 |      53 |      37 |  41.1 |      18 |       1 |   5.3
        D:3 |      28 |       0 |   0.0 |      14 |       0 |   0.0
        D:4 |     121 |     816 |  87.1 |      14 |      12 |  46.2
        D:5 |     727 |       7 |   1.0 |      18 |       3 |  14.3
        D:6 |     758 |       0 |   0.0 |      15 |       0 |   0.0
        D:7 |     350 |     303 |  46.4 |       9 |       2 |  18.2
        D:8 |    1637 |       0 |   0.0 |      22 |       0 |   0.0
        D:9 |     192 |     413 |  68.3 |       9 |       5 |  35.7
            +---------+---------+-------+---------+---------+-------
